 Dungeon Crawl Stone Soup version 0.22-a0-443-g17c3723931 (webtiles) character file.

52817 Ordine the Carver (level 15, -4/169 HPs)
             Began as a Formicid Fighter on June 1, 2018.
             Was a High Priest of Okawaru.
             Killed by divine providence
             ... invoked by an orc priest
              (9 damage)
             ... on level 13 of the Dungeon.
             The game lasted 01:28:28 (26351 turns).

Ordine the Carver (Formicid Fighter)               Turns: 26351, Time: 01:28:29

Health: -4/169     AC: 27    Str: 21    XL:     15   Next: 7%
Magic:  13/22      EV:  2    Int: 13    God:    Okawaru [*****.]
Gold:   443        SH: 27    Dex: 11    Spells: 10/14 levels left

rFire    + . .     SeeInvis .   a - +6 long sword "Sasch" {slice, +Fly rC+}
rCold    + . .     Gourm    .   m - +10 large shield of Ignorance {rN+ Int-4}
rNeg     + + +     Faith    +   (armour currently unavailable)
rPois    +         Spirit   .   (helmet unavailable)
rElec    +         Reflect  .   (cloak currently unavailable)
rCorr    .         Harm     .   (gloves currently unavailable)
MR       +....                  (boots currently unavailable)
Stlth    ++++......             Q - amulet "Fezemn" {Faith +Inv rElec rF+ Stlth+}
HPRegen  0.38/turn              E - +4 ring of intelligence
MPRegen  0.18/turn              o - +2 ring of evasion

@: tree-form
A: permanent stasis, dig shafts and tunnels, four strong arms
a: Heroism, Finesse, Renounce Religion, Evoke Invisibility


You were on level 13 of the Dungeon.
You worshipped Okawaru.
Okawaru was extremely pleased with you.
You were not hungry.
You were a tree.
You visited 3 branches of the dungeon, and saw 20 of its levels.

You collected 990 gold pieces.
You spent 547 gold pieces at shops.

Inventory:

Hand Weapons
 a - the +6 long sword "Sasch" (weapon) {slice, +Fly rC+}
   (You found it on level 3 of the Lair of Beasts)

   It inflicts extra damage upon your enemies.
   It protects you from cold.
   It lets you fly.
 b - a +3 blowgun
Missiles
 h - 10 tomahawks
 n - 9 curare-tipped needles
 p - 11 javelins of penetration
 s - 8 poisoned javelins (quivered)
 X - 10 exploding tomahawks
Armour
 c - the +0 pair of gloves of Elyvilon's Esteem (melded) {rF++ MP+9 Str+3 Stlth-}
   (You bought it in a shop on level 5 of the Dungeon)

   It affects your strength (+3).
   It greatly protects you from fire.
   It affects your magic capacity (+9).
   It makes you less stealthy.
 i - a scarf of spirit shield (melded)
 m - the +10 large shield of Ignorance (worn) {rN+ Int-4}
   (You found it on level 6 of the Lair of Beasts)

   It affects your intelligence (-4).
   It protects you from negative energy.
 C - a +4 chain mail (melded)
 M - a scarf of resistance
 V - a +1 pair of boots of running (melded)
Jewellery
 o - a +2 ring of evasion (right branch)
 y - an uncursed ring of protection from cold
 E - a +4 ring of intelligence (left branch)
 Q - the amulet "Fezemn" (around neck) {Faith +Inv rElec rF+ Stlth+}
   (You found it on level 5 of the Lair of Beasts)

   [amulet of faith]

   It allows you to gain divine favour quickly.
   It protects you from fire.
   It insulates you from electricity.
   It lets you turn invisible.
   It makes you more stealthy.
Wands
 e - a wand of polymorph (6)
 q - a wand of iceblast (11)
 t - a wand of flame (77)
 L - a wand of digging (16)
 U - a wand of enslavement (9)
 Y - a wand of acid (25)
Scrolls
 l - 3 scrolls of summoning
 w - 3 scrolls of fear
 N - 4 scrolls of identify
Potions
 g - a potion of invisibility
 j - a potion of lignification
 u - 2 potions of brilliance
 x - 2 potions of flight
 B - a potion of agility
 G - 2 potions of magic
 K - 3 potions of curing
 S - a potion of resistance
 Z - a potion of cancellation
Comestibles
 d - 4 chunks of flesh
 f - 37 rations


   Skills:
 + Level 9.3 Fighting
 - Level 14.0 Long Blades
 + Level 7.4 Throwing
 + Level 8.9 Armour
 + Level 6.7 Dodging
 - Level 7.0 Stealth
 + Level 9.9 Shields
 - Level 10.0 Invocations
 * Level 8.9 Evocations


You had 10 spell levels left.
You knew the following spells:

 Your Spells              Type           Power        Failure   Level  Hunger
a - Apportation           Tloc           #.....       67%         1    ##.....
b - Lesser Beckoning      Tloc           #.........   95%         3    ####...

Your spell library contained the following spells:

 Spells                   Type           Power        Failure   Level  Hunger
 Cause Fear               Hex            #.........   100%        4    #####..
 Bolt of Fire             Conj/Fire      #.........   100%        6    #######
 Bolt of Magma            Conj/Fire/Erth #.........   100%        5    ######.
 Mephitic Cloud           Conj/Pois/Air  #.......     95%         3    ####...
 Venom Bolt               Conj/Pois      #.........   100%        5    ######.
 Olgreb's Toxic Radiance  Pois           #.......     100%        4    #####..
 Sting                    Conj/Pois      #...         67%         1    ##.....
 Iron Shot                Conj/Erth      #.........   100%        6    #######
 Statue Form              Tmut/Erth      #........    100%        6    #######
 Dragon Form              Tmut           #.........   100%        7    #######
 Deflect Missiles         Chrm/Air       #.........   100%        6    #######
 Flame Tongue             Conj/Fire      #....        67%         1    ##.....
 Silence                  Hex/Air        #.........   100%        5    ######.
 Shatter                  Erth           #.........   100%        9    #######
 Petrify                  Tmut/Erth      #.......     100%        4    #####..
 Leda's Liquefaction      Hex/Erth       #.........   100%        4    #####..
 Discord                  Hex            #.........   100%        8    #######
 Summon Forest            Summ/Tloc      #.........   100%        5    ######.
 Dragon's Call            Summ           #.........   100%        9    #######
 Hydra Form               Tmut           #.........   100%        6    #######
 Yara's Violent Unravell  Hex/Tmut       #.........   100%        5    ######.
 Poisonous Vapours        Pois/Air       #.....       80%         2    ###....


Dungeon Overview and Level Annotations

Branches:
Dungeon (13/15)            Temple (1/1) D:4            Lair (6/6) D:11
  Swamp (0/4) Lair:4       Spider (0/4) Lair:3        Slime (0/5) Lair:6
    Orc (0/2) D:12
 Vaults: D:13-14

Altars:
Ashenzari
Cheibriados
Dithmenos
Elyvilon
Fedhas
Gozag
Hepliaklqana
Kikubaaqudgha
Makhleb
Nemelex Xobeh
Okawaru
Qazlal
Ru
Sif Muna
Trog
Uskayaw
Vehumet
Wu Jian
Xom
Yredelemnul
Zin
The Shining One

Shops:
D:5 [   D:12 *


Innate Abilities, Weirdness & Mutations

You cannot be hasted, slowed, berserked, paralysed or teleported.
You can dig through walls and to a lower floor.
Your four strong arms can wield two-handed weapons with a shield.
((You have a pair of large antennae on your head. (SInv)))


Message History

You hit the yak.
The yak is moderately wounded.
You block the yak's attack.
The orc priest calls down the wrath of Beogh upon you.
Beogh smites you!
* * * LOW HITPOINT WARNING * * *
You slash the yak!
The yak is severely wounded.
The yak gores you but does no damage.
You slash the yak!
You kill the yak!
Okawaru accepts your kill.
The orc priest calls down the wrath of Beogh upon you.
Beogh smites you!
* * * LOW HITPOINT WARNING * * *
You hit the queen bee.
The queen bee is lightly wounded.
The orc priest mumbles some strange prayers to Beogh against you.
Beogh smites you!
You die...

#. #.. ## #.###. .....
### #... ..# ###..%o
#######..#
#...yY######....<...#
#.ooy♣.....#......##
#.....##.............#
..<....
#.##..........#
.......
#.##....#####.#
....... ...#....# ...
......###..#....# ...
...... ........# ..#
...... ......###
......#


You could see a yak, a queen bee, a killer bee, an orc priest and an orc.

Vanquished Creatures
  Rupert (D:12)
  A storm dragon (Lair:5)
  6 dire elephants (Lair:6)
  Harold (Lair:2)
  An anaconda (Lair:6)
  2 catoblepae
  A satyr (Lair:1)
  A centaur warrior (D:12)
  5 two-headed ogres
  Nergalle (D:11)
  Sonja (Lair:3)
  3 cyclopes
  An ugly thing (D:12)
  Joseph (D:8)
  4 black mambas
  9 elephants
  The ghost of afd the Digger, a novice GrEE of Vehumet (D:6)
  10 spiny frogs
  3 gargoyles
  A centaur skeleton (D:11)
  A rime drake (Lair:5)
  5 komodo dragons
  2 kobold demonologists
  The ghost of oberejnoburuli the Transmogrifier, a novice OpTm (D:4)
  A queen bee (D:8)
  3 meliai (D:13)
  4 trolls
  11 blink frogs
  A polar bear (Lair:6)
  4 dream sheep (Lair:6)
  5 hippogriffs
  Sigmund (D:3)
  4 wyverns
  18 yaks
  2 basilisks
  A hungry ghost (D:12)
  4 vampire mosquitoes (D:12)
  An acid dragon (D:10)
  8 water moccasins
  An ice beast (D:11)
  14 porcupines
  8 orc warriors
  2 sky beasts
  2 phantoms
  5 necrophages (Lair:3)
  6 ogres
  A black bear (D:11)
  9 centaurs
  8 crocodiles
  16 big kobolds
  Blork the orc (D:5)
  21 bullfrogs
  2 scorpions
  A wyvern skeleton (D:5)
  40 killer bees
  12 wights
  2 howler monkeys
  5 electric eels
  3 bullfrog zombies
  5 crimson imps
  4 hounds
  A quasit (D:10)
  4 centaur zombies
  Crazy Yiuf (D:6)
  10 orc priests
  3 jellies
  4 bullfrog skeletons
  5 iguanas
  13 orc wizards
  10 worker ants
  A hound skeleton (D:9)
  4 gnolls (D:8)
  A worker ant zombie (D:5)
  12 adders
  2 shadow imps
  4 oozes
  2 adder zombies
  3 adder skeletons
  6 worms
  2 dart slugs
  10 leopard geckos
  66 orcs
  3 ball pythons
  6 giant cockroaches
  9 goblins
  7 hobgoblins
  7 jackals
  14 kobolds
  3 quokkas
  4 bats
  6 frilled lizards
  A jackal skeleton (D:6)
  A quokka zombie (D:5)
  3 rats
  2 fungi (D:6)
  2 plants (Lair:6)
531 creatures vanquished.

Vanquished Creatures (collateral kills)
  An ogre (D:6)
1 creature vanquished.

Vanquished Creatures (others)
  A hippogriff (Lair:6)
  12 fungi
  5 plants
18 creatures vanquished.

Grand Total: 550 creatures vanquished

Notes
Turn   | Place    | Note
-------+----------+-------------------------------------------
     0 | D:1      | Ordine the Formicid Fighter began the quest for the Orb.
     0 | D:1      | Reached XP level 1. HP: 18/18 MP: 1/1
    65 | D:1      | Reached XP level 2. HP: 21/24 MP: 2/2
   483 | D:1      | Reached XP level 3. HP: 29/29 MP: 3/3
   579 | D:1      | Reached skill level 3 in Long Blades
  1435 | D:2      | Reached XP level 4. HP: 35/35 MP: 4/4
  1866 | D:3      | Noticed Sigmund
  1900 | D:3      | Killed Sigmund
  1900 | D:3      | Reached skill level 5 in Long Blades
  1900 | D:3      | Reached skill level 5 in Shields
  1900 | D:3      | Reached XP level 5. HP: 18/41 MP: 3/5
  1900 | D:3      | Reached XP level 6. HP: 20/47 MP: 3/6
  2354 | D:3      | Found a stormy altar of Qazlal.
  2621 | D:3      | Found an opulent altar of Gozag.
  2806 | D:4      | Reached XP level 7. HP: 43/52 MP: 7/7
  2872 | D:4      | Noticed oberejnoburuli's ghost (novice OpTm)
  2899 | D:4      | Reached skill level 6 in Long Blades
  2901 | D:4      | Killed oberejnoburuli's ghost
  3016 | D:4      | Reached skill level 7 in Long Blades
  3016 | D:4      | Reached XP level 8. HP: 57/58 MP: 8/8
  3087 | D:4      | Found a staircase to the Ecumenical Temple.
  3105 | Temple   | Entered the Ecumenical Temple
  3611 | D:5      | Entered Level 5 of the Dungeon
  3709 | D:5      | Found a burning altar of Makhleb.
  3709 | D:5      | Noticed a green death
  3715 | D:5      | Noticed a smoke demon
  3734 | D:5      | Reached skill level 8 in Long Blades
  3803 | D:5      | Noticed Blork the orc
  3819 | D:5      | Killed Blork the orc
  4083 | D:5      | Found a hazy altar of Hepliaklqana.
  4240 | D:5      | Reached XP level 9. HP: 64/64 MP: 9/9
  4278 | D:5      | Found an ancient bone altar of Kikubaaqudgha.
  4295 | D:5      | Reached skill level 9 in Long Blades
  4493 | D:5      | Found Cowes's Armour Boutique.
  4690 | D:6      | Found a glowing golden altar of the Shining One.
  4826 | D:6      | Noticed afd's ghost (novice GrEE)
  4858 | D:6      | Killed afd's ghost
  5142 | D:6      | Reached skill level 10 in Long Blades
  5323 | D:6      | Found an iron altar of Okawaru.
  5328 | D:6      | Became a worshipper of Warmaster Okawaru
  5645 | D:6      | Found a runed door.
  5649 | D:6      | Noticed Crazy Yiuf
  5661 | D:6      | Killed Crazy Yiuf
  5890 | D:7      | Reached skill level 1 in Stealth
  5921 | D:7      | Reached skill level 1 in Throwing
  5921 | D:7      | Reached skill level 1 in Evocations
  5996 | D:7      | Reached skill level 1 in Dodging
  6046 | D:7      | Reached skill level 1 in Invocations
  6080 | D:7      | Reached XP level 10. HP: 71/71 MP: 11/11
  6142 | D:7      | Reached * piety under Okawaru
  6248 | D:7      | Found a blossoming altar of Fedhas.
  7833 | D:8      | Noticed Joseph
  7870 | D:8      | Killed Joseph
  8048 | D:8      | Identified Udufout's Disquisition on Displaced Transmigration
  8052 | D:8      | Learned a level 1 spell: Apportation
  8056 | D:8      | Learned a level 3 spell: Lesser Beckoning
  8061 | D:8      | Found a shattered altar of Ashenzari.
  8062 | D:8      | Found a hide-covered altar of Uskayaw.
  8063 | D:8      | Found a shimmering altar of Xom.
  8063 | D:8      | Found a snail-covered altar of Cheibriados.
  8330 | D:8      | Found a white marble altar of Elyvilon.
  9544 | D:8      | Reached ** piety under Okawaru
 10322 | D:8      | Reached XP level 11. HP: 59/78 MP: 8/13
 10470 | D:8      | Reached skill level 5 in Armour
 10580 | D:9      | Reached skill level 5 in Fighting
 10598 | D:9      | Reached skill level 11 in Long Blades
 10703 | D:9      | Noticed a sixfirhy
 11153 | D:10     | Entered Level 10 of the Dungeon
 11161 | D:10     | Reached skill level 5 in Stealth
 11273 | D:10     | Reached *** piety under Okawaru
 12346 | D:10     | Identified a scroll of acquirement
 12747 | D:10     | Reached **** piety under Okawaru
 12802 | D:11     | Noticed a catoblepas
 12802 | D:11     | Noticed Nergalle
 12965 | D:11     | Noticed a cyclops
 12983 | D:11     | Killed a cyclops
 13381 | D:10     | Reached skill level 5 in Invocations
 13483 | D:11     | Reached ***** piety under Okawaru
 13599 | D:11     | Found a staircase to the Lair.
 13739 | D:11     | Reached skill level 12 in Long Blades
 13739 | D:11     | Reached XP level 12. HP: 87/87 MP: 7/15
 13759 | D:11     | Killed a catoblepas
 14003 | D:11     | Killed Nergalle
 14003 | D:11     | Received a gift from Okawaru
 14376 | Lair:1   | Entered Level 1 of the Lair of Beasts
 14421 | Lair:1   | Received a gift from Okawaru
 14587 | Lair:1   | Reached skill level 13 in Long Blades
 14782 | Lair:1   | Noticed a five-headed hydra
 14802 | Lair:1   | Noticed a satyr
 14802 | Lair:1   | a five-headed hydra changed into a satyr
 14827 | Lair:1   | Killed a satyr
 14988 | Lair:1   | Received a gift from Okawaru
 16459 | Lair:2   | Noticed Harold
 16477 | Lair:1   | Received a gift from Okawaru
 16494 | Lair:1   | Identified a +1 pair of boots of running (Okawaru gifted it to you on level 1 of the Lair of Beasts)
 16591 | Lair:2   | Killed Harold
 16591 | Lair:2   | Reached skill level 5 in Evocations
 17344 | Lair:3   | Reached skill level 14 in Long Blades
 17476 | Lair:3   | Got a smoking long sword
 17477 | Lair:3   | Identified the +6 long sword "Sasch" {slice, +Fly rC+} (You found it on level 3 of the Lair of Beasts)
 17500 | Lair:3   | Reached XP level 13. HP: 66/95 MP: 12/17
 17738 | Lair:3   | Reached skill level 5 in Throwing
 18188 | Lair:3   | Noticed Snorg
 18216 | Lair:3   | Noticed Snorg
 18216 | Lair:3   | Snorg changed into Snorg the hippogriff
 18222 | Lair:3   | Killed Snorg the hippogriff
 18575 | Lair:3   | Found a hole to the Spider Nest.
 18812 | Lair:3   | Noticed Sonja
 18823 | Lair:3   | Killed Sonja
 19765 | Lair:4   | Received a gift from Okawaru
 20113 | Lair:4   | Found a staircase to the Swamp.
 20131 | Lair:4   | Reached skill level 5 in Dodging
 20815 | Lair:5   | Received a gift from Okawaru
 20945 | Lair:5   | Got a twitching graven amulet
 20999 | Lair:5   | Identified the amulet "Fezemn" {Faith +Inv rElec rF+ Stlth+} (You found it on level 5 of the Lair of Beasts)
 21646 | Lair:6   | Entered Level 6 of the Lair of Beasts
 21667 | Lair:6   | Noticed an eight-headed hydra
 21670 | Lair:6   | Noticed a storm dragon
 21670 | Lair:6   | an eight-headed hydra changed into a storm dragon
 21697 | Lair:5   | Killed a storm dragon
 21874 | Lair:6   | Received a gift from Okawaru
 22160 | Lair:6   | Found a staircase to the Slime Pits.
 22620 | Lair:6   | Noticed a catoblepas
 22656 | Lair:6   | Killed a catoblepas
 22656 | Lair:6   | Reached XP level 14. HP: 58/105 MP: 12/20
 23442 | Lair:6   | Noticed a dire elephant
 23442 | Lair:6   | Noticed a dire elephant
 23443 | Lair:6   | Found the +10 large shield of Ignorance {rN+ Int-4}
 23456 | Lair:6   | Noticed a dire elephant
 23460 | Lair:6   | Killed a dire elephant
 23467 | Lair:6   | Killed a dire elephant
 23467 | Lair:6   | Received a gift from Okawaru
 23478 | Lair:6   | Killed a dire elephant
 23478 | Lair:6   | Received a gift from Okawaru
 23505 | Lair:6   | Identified the +3 ring mail of Dim Light {*Slow rF+ rC+} (You found it on level 6 of the Lair of Beasts)
 23641 | Lair:6   | Noticed a dire elephant
 23642 | Lair:6   | Noticed a dire elephant
 23670 | Lair:6   | Killed a dire elephant
 23687 | Lair:6   | Killed a dire elephant
 23687 | Lair:6   | Received a gift from Okawaru
 23974 | Lair:6   | Received a gift from Okawaru
 24064 | Lair:6   | Noticed a dire elephant
 24092 | Lair:6   | Killed a dire elephant
 24940 | D:5      | Bought the cursed +0 pair of gloves of Elyvilon's Esteem {rF++ MP+9 Str+3 Stlth-} for 547 gold pieces
 25239 | D:12     | Reached skill level 10 in Invocations
 25730 | D:12     | Found a staircase to the Orcish Mines.
 25888 | D:12     | Found Dila's Assorted Antiques.
 25904 | D:12     | Noticed Rupert
 25932 | D:12     | Killed Rupert
 26118 | D:12     | Identified the cursed +1 ring mail of Fashionability {SInv} (You found it on level 12 of the Dungeon)
 26267 | D:13     | Received a gift from Okawaru
 26268 | D:13     | Reached XP level 15. HP: 69/113 MP: 16/22
 26350 | D:13     | HP: 5/169 [orc priest/divine providence (10)]
 26351 | D:13     | Killed from afar by an orc priest

Vault maps used:
D:1:      dpeg_arrival_round_b
D:3:      old_standard_altar, grunt_gozag_statues, first_ration,
          hangedman_decor_peaks_small, uniq_sigmund
D:4:      minmay_temple_entry_butterflies
D:5:      kiku_gazebo_pond_becter, nicolae_overflow_hidden_temple,
          makhleb_altar_promises_db, serial_shops, nicolae_shop_waterfront,
          uniq_blork_the_orc
D:6:      old_standard_altar, kennysheep_little_box, serial_glass,
          glass_columns_b, glass_columns_c, uniq_crazy_yiuf_cottage
D:7:      kennysheep_nondescript, fedhas_altar_2
D:8:      marbit_many_paths, chequers_temple_overflow_statue_of_worship,
          uniq_joseph
D:9:      special_room, david_nohive_1
D:10:     kennysheep_another_room, grunt_potential
D:11:     grunt_lair_entry_orc_guard_hut, uniq_nergalle
D:12:     hiddenorc1_lemuel, serial_shops, shop, uniq_rupert
D:13:     hangedman_vaults_entry_quadrant_bands, special_room
Temple:   eino_temple_lava
Lair:2:   serial_bayou_pond_d, uniq_harold
Lair:3:   spider_nest_entry_a, roderic_carrion_pond, uniq_sonja, uniq_snorg
Lair:4:   swamp_mist_pool, minivault_26, grunt_megastairs_2,
          lemuel_fruit_fields, serial_bayou_shore_a, infiniplex_staircase_pool_2
Lair:5:   lemuel_fruit_fields, lemuel_fruit_tree, serial_bayou_shore_b
Lair:6:   due_jungle_book, nicolae_slime_entry_slimehenge,
          infiniplex_staircase_pool

Skill      XL: |  1  2  3  4  5  6  7  8  9 10 11 12 13 14 |
---------------+-------------------------------------------+-----
Shields        | 4 5 6 8 9 |  9.9
Long Blades    | 3 5 7 8 10 12 14 | 14.0
Stealth        | 2 4 5 6 7 |  7.0
Throwing       | 1 3 4 6 7 |  7.4
Evocations     | 1 3 4 5 7 8 |  8.9
Dodging        | 1 2 3 4 5 6 |  6.7
Invocations    | 1 3 5 8 10 | 10.0
Fighting       | 4 5 6 8 9 |  9.3
Armour         | 4 5 6 7 8 |  8.9

Action                   |  1- 3 |  4- 6 |  7- 9 | 10-12 | 13-15 || total
-------------------------+-------+-------+-------+-------+-------++-------
Melee: Long sword        |   100 |   112 |   160 |    14 |   945 ||  1331
       Scimitar          |       |       |   239 |  1310 |       ||  1549
 Fire: Blowgun           |       |       |       |    12 |       ||    12
Throw: Tomahawk          |       |       |       |     1 |     2 ||     3
Invok: Heroism           |       |       |       |     9 |     6 ||    15
       Finesse           |       |       |       |     2 |     5 ||     7
Evoke: Wand              |       |       |       |     3 |     8 ||    11
  Use: Scroll            |     6 |       |    10 |    14 |    12 ||    42
       Potion            |       |     1 |     2 |     7 |     8 ||    18
  Eat: Chunk             |     2 |     4 |    11 |    21 |    24 ||    62
       Ration            |       |       |       |     5 |     1 ||     6
Armor: Scale mail        |    39 |    27 |    84 |     6 |       ||   156
       Chain mail        |       |       |       |   214 |    92 ||   306
       Plate armour      |       |       |       |   136 |   112 ||   248
       Skin              |       |       |       |     2 |     7 ||     9
Dodge: Dodged            |    28 |    28 |    93 |   383 |   209 ||   741
Block: Shield            |    52 |    55 |   155 |   713 |   190 ||  1165
       Large shield      |       |       |       |       |   492 ||   492
       Rpst.: Long sword |     5 |     8 |    10 |     1 |    48 ||    72
       Scimitar          |       |       |    11 |   115 |       ||   126

Table legend:
 A = Spawn XP
 B = Non-spawn XP
 C = Spawn XP percentage of total XP
 D = Spawn monster count
 E = Non-spawn monster count
 F = Spawn count percentage of total count
 G = Total turns spent on level
                    A         B        C        D         E        F      G
               +---------+---------+-------+---------+---------+-------+---------
         Total |       0 |   75453 |   0.0 |       0 |     528 |   0.0 | 26351
               +---------+---------+-------+---------+---------+-------+---------
           D:1 |       0 |      35 |   0.0 |       0 |      18 |   0.0 |   841
           D:2 |       0 |      41 |   0.0 |       0 |      17 |   0.0 |   923
           D:3 |       0 |     404 |   0.0 |       0 |      24 |   0.0 |  1078
           D:4 |       0 |     852 |   0.0 |       0 |      21 |   0.0 |   697
           D:5 |       0 |    1026 |   0.0 |       0 |      29 |   0.0 |  1141
           D:6 |       0 |     924 |   0.0 |       0 |      11 |   0.0 |  1225
           D:7 |       0 |    2002 |   0.0 |       0 |      43 |   0.0 |  1783
           D:8 |       0 |    2336 |   0.0 |       0 |      35 |   0.0 |  2059
           D:9 |       0 |    2302 |   0.0 |       0 |      37 |   0.0 |  1568
          D:10 |       0 |    4084 |   0.0 |       0 |      49 |   0.0 |  2107
          D:11 |       0 |    5238 |   0.0 |       0 |      33 |   0.0 |  1362
          D:12 |       0 |   12652 |   0.0 |       0 |      56 |   0.0 |  1086
          D:13 |       0 |    4028 |   0.0 |       0 |      30 |   0.0 |   148
        Lair:1 |       0 |    4480 |   0.0 |       0 |      22 |   0.0 |  2250
        Lair:2 |       0 |    2903 |   0.0 |       0 |      10 |   0.0 |   923
        Lair:3 |       0 |    8175 |   0.0 |       0 |      29 |   0.0 |  2077
        Lair:4 |       0 |    2593 |   0.0 |       0 |      11 |   0.0 |  1409
        Lair:5 |       0 |    5088 |   0.0 |       0 |      18 |   0.0 |  1104
        Lair:6 |       0 |   16290 |   0.0 |       0 |      35 |   0.0 |  2498
               +---------+---------+-------+---------+---------+-------+---------
